 Dungeon Crawl Stone Soup version 0.27.1-3-gb3d3a73c9e (webtiles) character file.

Game seed: 7255519587207389319

879 karkarkar the Magician (level 7, -2/51 HPs)
             Began as a Purple Draconian Earth Elementalist on Oct 24, 2021.
             Slain by a water moccasin (6 damage)
             ... on level 4 of the Dungeon on Oct 28, 2021.
             The game lasted 00:30:58 (6649 turns).

karkarkar the Magician (DrEE)                       Turns: 6649, Time: 00:30:59

Health: -2/51      AC:  7    Str:  8    XL:     7   Next: 75%
Magic:  1/15       EV: 12    Int: 24    God:
Gold:   50         SH:  0    Dex: 13    Spells: 13/17 levels left

rFire    . . .     SeeInvis .   a - +0 spear (vamp)
rCold    . . .     Faith    .   (no shield)
rNeg     . . .     Spirit   .   (armour unavailable)
rPois    .         Reflect  .   l - +1 hat
rElec    .         Harm     .   (no cloak)
rCorr    .         Rampage  .   (no gloves)
Will     +....                  (no boots)
Stlth    ++........             (no amulet)
HPRegen  0.17/turn              p - +6 ring of intelligence
MPRegen  0.14/turn              (no ring)

@: short of breath
A: breathe power, AC +6, unfitting armour, cold-blooded, agile 1, screaming 1,
weak 1
a: Breathe Dispelling Energy


You were on level 4 of the Dungeon.
You visited 1 branch of the dungeon, and saw 5 of its levels.

You collected 158 gold pieces.
You spent 108 gold pieces at shops.

Inventory:

Hand Weapons
 a - a +0 vampiric spear (weapon)
 b - a +0 hunting sling
Missiles
 d - 54 stones
 e - 4 boomerangs
 f - 3 atropa-tipped darts
 j - 31 poisoned darts
Armour
 l - a +1 hat (worn)
Jewellery
 p - a +6 ring of intelligence (left hand)
Wands
 t - a wand of iceblast (4)
Scrolls
 c - a scroll of magic mapping
 g - a scroll of enchant armour
 k - a scroll of holy word {unknown}
 n - 2 scrolls of noise {unknown}
 o - a scroll of vulnerability {unknown}
 r - a scroll of silence {unknown}
 s - a scroll of acquirement {unknown}
Potions
 m - a potion of ambrosia {unknown}
 q - a potion of berserk rage {unknown}


   Skills:
 - Level 0.4 Fighting
 + Level 0.6 Polearms
 + Level 2.1 Throwing
 - Level 1.9 Dodging
 - Level 2.1 Stealth
 + Level 5.9 Spellcasting
 * Level 3.8 Conjurations
 + Level 1.0 Transmutations
 + Level 5.7 Earth Magic


You had 13 spell levels left.
You knew the following spells:

 Your Spells              Type           Power      Damage    Failure   Level
a - Sandblast             Erth           68%        2d15      1%          1
b - Stone Arrow           Conj/Erth      60%        3d10      3%          3

Your spell library contained the following spells:

 Spells                   Type           Power      Damage    Failure   Level
 Passwall                 Tmut/Erth      19%        N/A       3%          2
 Petrify                  Tmut/Erth      23%        N/A       21%         4
 Lee's Rapid Deconstruct  Erth           17%        3d11*     21%         5


Dungeon Overview and Level Annotations

Branches:
Dungeon (5/15)
 Temple: D:4-7

Altars:
Gozag

Shops:
D:1 (   D:4 *

Annotations:
D:4 Eustachio
D:5 Sigmund


Innate Abilities, Weirdness & Mutations

You can breathe bolts of dispelling energy.
Your rich purple scales are hard. (AC +6)
You cannot fit into any form of body armour.
You are cold-blooded and may be slowed by cold attacks.
You are agile. (Dex +2)
You occasionally shout uncontrollably at your foes.
You are weak. (Str -2)


Message History

Press: ? - help, Q - select action, (/) - cycle Shift-Dir - straight line, f/p - yak
Aim: a yak (heavily wounded, 83% to hit)
The stone arrow hits the yak!
The yak is severely wounded.
The yak barely misses you. The water moccasin barely misses you.
Aiming: Stone Arrow (dangerous; 3% risk of failure)
Press: ? - help, Q - select action, (/) - cycle Shift-Dir - straight line, f/p - yak
Aim: a yak (heavily wounded, 83% to hit)
The stone arrow hits the yak!
The yak is almost dead.
The water moccasin bites you. The yak gores you but does no damage.
The water moccasin bites you but does no damage.
Aiming: Stone Arrow (dangerous; 3% risk of failure)
Press: ? - help, Q - select action, (/) - cycle Shift-Dir - straight line, f/p - yak
Aim: a yak (almost dead, 83% to hit)
The stone arrow hits the yak!
You kill the yak!
The water moccasin misses you.
Aiming: Stone Arrow (dangerous; 3% risk of failure)
Press: ? - help, Q - select action, (/) - cycle Shift-Dir - straight line, f - water moccasin
Aim: a water moccasin (57% to hit)
The stone arrow hits the water moccasin!
The water moccasin is heavily wounded.
The water moccasin bites you!
* * * LOW HITPOINT WARNING * * *
Aiming: Sandblast (safe; 1% risk of failure)
Press: ? - help, Q - select action, (/) - cycle Shift-Dir - straight line, f/p - water moccasin
Aim: a water moccasin (heavily wounded, 70% to hit)
The blast of sand hits the water moccasin.
The water moccasin is severely wounded.
The water moccasin barely misses you. The water moccasin bites you!
* * * LOW HITPOINT WARNING * * *
Aiming: Sandblast (safe; 1% risk of failure)
Press: ? - help, Q - select action, (/) - cycle Shift-Dir - straight line, f/p - water moccasin
Aim: a water moccasin (heavily wounded, 70% to hit)
The blast of sand misses the water moccasin.
The water moccasin bites you.
* * * LOW HITPOINT WARNING * * *
The water moccasin closely misses you. The water moccasin bites you.
You die...

####### #....#
#.....########.##.#
#.....#.....##.##.#
....†.#.....##)##.#
(.#####.....##.##.#
..# #.....##.##.#
..#####.....##.##.#
...............##S#
................@>#
.....[..##.########
####.#####.# ####.#
#.### ...#.# #...#
.).#.#######.#
...≈≈≈≈≈# #.#######
.e.≈###≈##
#.......#
...≈#_'..#
#######.#


You could see a water moccasin.

Vanquished Creatures
  2 yaks (D:4)
  Duvessa (D:4)
  An ogre (D:4)
  A centaur (D:5)
  Dowan (D:4)
  A jelly (D:4)
  An orc priest (D:3)
  An iguana (D:4)
  An orc wizard (D:3)
  Robin (D:2)
  4 adders
  An adder skeleton (D:4)
  A worm (D:2)
  5 dart slugs
  9 orcs
  8 endoplasms
  A giant cockroach (D:4)
  15 goblins
  11 hobgoblins
  5 jackals (D:1)
  2 quokkas
  10 ball pythons
  4 bats
  6 frilled lizards
  4 kobolds
  5 rats
102 creatures vanquished.

Vanquished Creatures (others)
  A plant (D:3)
1 creature vanquished.

Grand Total: 103 creatures vanquished

Notes
Turn   | Place    | Note
-------+----------+-------------------------------------------
     0 | D:1      | karkarkar the Draconian Earth Elementalist began the quest
                  | for the Orb.
     0 | D:1      | Reached XP level 1. HP: 14/14 MP: 3/3
   529 | D:1      | Reached XP level 2. HP: 20/20 MP: 1/5
  1065 | D:1      | Found Esatuseng's Antique Weapon Emporium.
  1403 | D:2      | Found a faded altar of an unknown god.
  1581 | D:2      | Reached XP level 3. HP: 27/27 MP: 3/6
  2316 | D:2      | Noticed Robin
  2320 | D:2      | Reached skill level 1 in Conjurations
  2407 | D:2      | Killed Robin
  2427 | D:2      | Reached XP level 4. HP: 34/34 MP: 2/8
  2431 | D:2      | Learned a level 3 spell: Stone Arrow
  2576 | D:2      | You fall into a shaft and drop 1 floor!
  3321 | D:3      | Reached XP level 5. HP: 24/39 MP: 9/9
  4387 | D:4      | Noticed Duvessa
  4389 | D:4      | Noticed Dowan
  4713 | D:4      | Noticed an ogre
  4718 | D:4      | Killed an ogre
  4719 | D:4      | Reached skill level 1 in Throwing
  4733 | D:4      | Reached XP level 6. HP: 46/46 MP: 11/11
  5035 | D:4      | Found Ugaken's Assorted Antiques.
  5038 | D:4      | Bought a copper wand for 108 gold pieces
  5100 | D:4      | Noticed Eustachio
  5411 | D:4      | Found an opulent altar of Gozag.
  5574 | D:4      | Killed Dowan
  5584 | D:4      | HP: 1/46 [Duvessa (15)]
  5594 | D:4      | Gained mutation: You are agile. (Dex +2) [potion of
                  | mutation]
  5594 | D:4      | Gained mutation: You occasionally shout uncontrollably at
                  | your foes. [potion of mutation]
  5594 | D:4      | Gained mutation: You are weak. (Str -2) [potion of
                  | mutation]
  5931 | D:4      | Killed Duvessa
  5932 | D:4      | Reached skill level 5 in Earth Magic
  6182 | D:5      | Entered Level 5 of the Dungeon
  6186 | D:5      | Noticed a yak
  6206 | D:5      | Noticed Sigmund
  6297 | D:5      | Your scales start taking on a rich purple colour.
  6297 | D:5      | Reached skill level 5 in Spellcasting
  6297 | D:5      | Reached XP level 7. HP: 41/51 MP: 3/14
  6375 | D:5      | Noticed a yak
  6395 | D:4      | Killed a yak
  6636 | D:5      | Noticed a yak
  6645 | D:4      | Killed a yak
  6649 | D:4      | Slain by a water moccasin

Illustrated notes

Levels and vault maps discovered:
D:1:      elethiomel_arrival_shortcut, layout_basic, serial_shops,
          nicolae_shop_trees, chequers_serial_rivers_micro_e,
          minmay_door_square, minivault_4, minivault_5
D:2:      layout_loops_ring, ebering_ecumenical_altar_webs,
          kennysheep_generic_room_11, uniq_robin
D:3:      layout_loops_ring, serial_bayou_pond_d, wad_floor_pattern_untrapped,
          minmay_circle_x
D:4:      layout_basic, kennysheep_mini_moat, serial_shops,
          nicolae_shop_behind_doors, uniq_duvessa, uniq_eustachio
D:5:      layout_cave_pools, uniq_sigmund, uniq_crazy_yiuf_cottage

Skill      XL: |  1  2  3  4  5  6  7 |
---------------+----------------------+-----
Stealth        | 2 |  2.1
Conjurations   | 1 2 3 |  3.8
Spellcasting   | 3 5 |  5.9
Earth Magic    | 4 5 |  5.7
Throwing       | 1 2 |  2.1
Fighting       | |  0.4
Polearms       | |  0.6
Dodging        | |  1.9
Transmutations | |  1.0

Action                   |  1- 3 |  4- 6 |  7- 9 || total
-------------------------+-------+-------+-------++-------
Melee: Unarmed           |     2 |       |       ||     2
       Spear             |       |    64 |     2 ||    66
       Tailslap          |       |     5 |       ||     5
 Fire: Hunting sling     |    11 |     4 |       ||    15
Throw: Dart              |    14 |    27 |     1 ||    42
       Boomerang         |       |    41 |       ||    41
 Cast: Sandblast         |    60 |    66 |    10 ||   136
       Stone Arrow       |       |    15 |     5 ||    20
 Abil: Breathe Dispellin |       |       |     2 ||     2
Evoke: Wand              |       |     1 |       ||     1
  Use: Scroll            |     1 |     5 |       ||     6
       Potion            |       |     2 |       ||     2
Armor: Skin              |    13 |    40 |     5 ||    58
Dodge: Dodged            |    35 |    67 |    16 ||   118
